Zazza, neutral female human Tourist -------- ##.......| # |...>..+ ### ------.- # # ### ### # # ### ### -------- # # |*.....|### ### |....mf|# ## |.....@|# ---------.------ |?..$.@m# ...............| -------- |..............| |..<...........| |..............+ ---------------- Zazza the Rambler Experience level: 2 Strength: 17 Dexterity: 10 Constitution: 12 Intelligence: 14 Wisdom: 9 Charisma: 14 Health: 0(18) Energy: 4(4) Def: 0 Gold: 0 Moves: 1531 Dungeon seed: D23RIbcyGi-1eobq Game ID: Zazza_1581801574 Your Inventory: Weapons a - 23 blessed +2 darts (in quiver) Armor e - a blessed +0 Hawaiian shirt (being worn) n - an uncursed +0 orcish helm (being worn) r - a cursed -2 pair of jumping boots (being worn) Comestibles b - 2 uncursed slime molds c - 3 uncursed food rations f - 5 uncursed eggs l - an uncursed apple o - 3 uncursed fortune cookies q - 2 uncursed food rations s - 2 uncursed apples A - an uncursed tripe ration O - 2 uncursed slime molds Scrolls i - 3 uncursed scrolls of magic mapping D - an uncursed scroll of create monster J - an uncursed scroll of scare monster N - a blessed scroll of identify Spellbooks w - an uncursed spellbook of sleep B - an uncursed spellbook of stone to flesh Potions g - 2 uncursed potions of extra healing p - a blessed potion of booze v - an uncursed potion of gain energy K - an uncursed potion of see invisible P - an uncursed potion of water Rings t - an uncursed ring of regeneration (on left hand) Tools j - an expensive camera (0:68) k - an uncursed credit card Spells and supernatural/magical abilities: Name Level Category Fail Memory W - pray for help -- divine ? -- Y - supernatural jump -- ability ? -- Your skills at the end: Fighting Skills Weapon Skills dart [Basic] Spellcasting Skills Final Attributes: You were stridently aligned. You could jump. You regenerated. You are dead. Vanquished creatures: 2 coyotes a gnome zombie 4 geckos 4 jackals a fox 3 goblins a sewer rat 3 grid bugs 3 lichens 2 newts 24 creatures vanquished. Voluntary challenges: You were an atheist. You never hit with a wielded weapon. You read items or engraved 3 times, starting on turn 235. You never genocided any monsters. You never polymorphed an object. You never changed form. You used no wishes. You never split a pudding. You never wrote Elbereth's name. You never violated your personal moral code. Dungeon overview: The Dungeons of Doom: levels 1 to 4 Level 1 a long staircase Level 2 a delicatessen Level 3 a fountain Level 4 <- You were here a general store a long staircase History has recorded: On T:1 you entered the Dungeons of Doom to retrieve the Amulet of Yendor! On T:366 you reached level 2 of The Dungeons of Doom. On T:910 you reached level 3 of The Dungeons of Doom. On T:1045 you advanced to experience level 2. On T:1281 you reached level 4 of The Dungeons of Doom. Score breakdown: Gold: 0 ( 0 points) Experience: 2 levels ( 5570 points) Exploration: 4 levels ( 8.33%) ( 7579 points) Discoveries: 5 items ( 1.68%) ( 3885 points) Valuables value: (no points given unless you survive) Artifact value: 0 ( 0 points) Variety of kills: 10 monsters ( 2.62%) ( 4860 points) Turncount: 1531 turns ( 0 points) Survival: died (score multiplied by 80%) Total score: 17515 Latest messages: You stop. Armand is in the way! Armand picks up 29 gold pieces. Armand drops 29 gold pieces. You stop. Armand is in the way! Asidonhopo encourages you to use your 29 zorkmids of credit. (4x) You hit the small mimic. You miss the small mimic. The small mimic hits! You miss the small mimic. You hit the small mimic. (3x) The small mimic hits! You hit the small mimic. (3x) You miss the small mimic. The small mimic hits! You miss the small mimic. You hit the small mimic. You miss the small mimic. You hit the small mimic. The small mimic hits! You miss the small mimic. (3x) The large mimic bumps right into you! Asidonhopo encourages you to use your 29 zorkmids of credit. The small mimic hits! You die... Asidonhopo gratefully inherits all your possessions. Final status: Aloha Zazza the Tourist, killed by a small mimic... You died in The Dungeons of Doom on dungeon level 4 with 17515 points, and 0 pieces of gold, after 1531 moves. You were level 2 with a maximum of 18 hit points when you died.